Map: Rainfall LE

Players

SialicAcid

  • Race: Terran Terran
  • League: Diamond

샤이닐 - Winner!

  • Race: Zerg Zerg
  • League: Grandmaster

VOD

Have the link to the VOD?

Description

Time

  • Played on: Sept. 23, 2026, 12:33 p.m.
  • Length: 16:01
Show
View Real Time Build Order
Export as new Build Order

SialicAcid Terran 

Build Orders: Reaper Expand, Hellion Banshee 

Get SALT Encoding   

  12  0:00  SCV  
  13  0:12  SCV  
  14  0:17  Supply Depot  
  14  0:24  SCV  
  15  0:38  SCV  
  15  0:39  Barracks  
  16  0:43  Refinery  
  16  0:51  SCV  
  17  1:04  SCV  
  18  1:16  SCV  
  19  1:24  Reaper  
  19  1:28  Orbital Command  
  20  1:38  Command Center  
  20  1:48  Supply Depot  
  20  1:53  SCV  
  21  1:58  Marine  
  22  2:04  Factory  
  22  2:06  SCV  
  23  2:18  SCV  
  24  2:22  Barracks Reactor  
  24  2:30  SCV  
  25  2:38  Command Center  
  25  2:43  SCV  
  26  2:51  Orbital Command  
  26  2:58  Starport  
  26  3:05  SCV, Refinery  
  27  3:11  Hellion  
  27  3:12  Hellion  
  31  3:17  SCV, Barracks Tech Lab  
  32  3:26  SCV  
  33  3:29  SCV  
  33  3:33  Hellion x2  
  38  3:40  SCV  
  40  3:41  SCV  
  40  3:42  Banshee  
  43  3:50  Orbital Command  
  43  3:53  SCV  
  43  3:54  SCV  
  45  3:56  Cloaking Field  
  45  4:05  SCV  
  45  4:06  Hellion, SCV  
  45  4:07  Hellion  
  45  4:08  Barracks Tech Lab  
  51  4:16  SCV  
  53  4:17  SCV  
  53  4:20  Supply Depot  
  53  4:23  SCV  
  54  4:26  Banshee  
  54  4:29  SCV  
  58  4:31  Barracks  
  58  4:33  Barracks  
  58  4:34  SCV  
  58  4:36  SCV  
  60  4:38  Factory Reactor  
  60  4:39  Refinery  
  60  4:42  Refinery  
  60  4:49  Orbital Command, Engineering Bay  
  60  4:50  Engineering Bay  
  60  4:51  SCV  
  60  4:52  SCV  
  62  5:01  Barracks  
  62  5:03  Barracks, Stimpack  
  62  5:04  SCV  
  63  5:07  SCV  
  64  5:16  SCV  
  64  5:21  Marine x2  
  67  5:28  SCV x2, Starport Reactor  
  69  5:37  Marine x2, Supply Depot, Siege Tank  
  69  5:41  Supply Depot  
  74  5:44  Marine  
  74  5:45  Marine  
  76  6:03  SCV x3  
  79  6:07  Marine x2  
  79  6:08  Barracks Reactor  
  79  6:09  Terran Infantry Weapons Level 1, Barracks Reactor, Terran Infantry Armor Level 1  
  79  6:10  Medivac x2  
  85  6:15  SCV x2  
  85  6:16  SCV  
  88  6:19  Siege Tank  
  88  6:21  Marine x2  
  88  6:25  Supply Depot  
  93  6:26  Supply Depot  
  93  6:37  Refinery  
  93  6:40  Refinery  
  93  6:41  Marine  
  93  6:42  Marine x4, SCV x3  
  93  6:45  Combat Shield  
  101  6:49  Medivac x2  
  101  6:50  Marine  
  101  6:51  Marine x3  
  101  6:54  SCV  
  110  6:59  Marine  
  111  7:08  Marine x5  
  111  7:09  Marine  
  111  7:13  Armory  
  111  7:15  Command Center  
  117  7:18  Supply Depot  
  117  7:39  Marine x7  
  117  7:40  SCV  
  125  7:52  Siege Tank, Marine x2  
  101  8:01  Marine x7  
  95  8:06  SCV x3  
  95  8:09  Medivac x2  
  95  8:10  Marine x2  
  104  8:14  Barracks  
  104  8:17  Barracks  
  104  8:18  Barracks, Marine  
  105  8:24  Siege Tank  
  98  8:35  Marine  
  98  8:36  Marine x8  
  98  8:39  Medivac  
  101  8:52  Command Center  
  101  8:53  Marine x3  
  98  8:58  Siege Tank  
  98  9:02  Factory, Marine x6  
  102  9:03  Supply Depot  
  102  9:04  Supply Depot  
  102  9:05  Barracks Tech Lab, Terran Infantry Weapons Level 2  
  102  9:06  Terran Infantry Armor Level 2  
  102  9:07  Medivac  
  102  9:09  Barracks Tech Lab x2, Medivac  
  111  9:11  Marine x2  
  111  9:17  Marine  
  113  9:20  Marine  
  113  9:21  Marauder  
  101  9:43  Marine  
  101  9:44  Marine x11  
  101  9:45  Siege Tank  
  107  9:48  Factory Tech Lab  
  107  9:52  Factory Reactor  
  107  9:53  SCV x2  
  107  9:59  Planetary Fortress  
  109  10:01  Marine x2  
  109  10:02  Marauder x3  
  109  10:04  Refinery  
  109  10:05  Marine x4  
  109  10:21  Marine x5  
  109  10:23  Marine x3  
  113  10:31  SCV x3  
  113  10:32  Marine  
  117  10:38  Widow Mine x3  
  117  10:40  Drilling Claws  
  117  10:41  SCV  
  124  10:43  SCV x3  
  127  10:59  Marine x4, Command Center, Widow Mine  
  127  11:03  Orbital Command  
  133  11:07  Missile Turret  
  115  11:25  Marine x10  
  100  11:26  Marine, Marauder  
  100  11:28  Planetary Fortress  
  100  11:30  SCV x2  
  114  11:34  SCV x2  
  116  11:42  SCV  
  116  11:44  Marauder  
  113  11:56  Missile Turret x2  
  113  11:58  Missile Turret  
  113  11:59  Ghost Academy, Terran Infantry Weapons Level 3  
  113  12:00  Terran Infantry Armor Level 3  
  113  12:02  Missile Turret  
  113  12:04  Missile Turret x2, SCV  
  113  12:05  SCV x2  
  113  12:07  SCV  
  117  12:17  SCV x2  
  117  12:20  Marine x7  
  117  12:21  Marauder, Refinery  
  124  12:33  Widow Mine x2  
  122  12:40  SCV  
  122  12:41  SCV x2  
  126  12:45  Orbital Command  
  126  12:48  Liberator x2  
  126  12:53  SCV x3  
  126  12:55  Widow Mine, Hellion  
  126  13:02  Sensor Tower  
  126  13:03  Widow Mine  
  126  13:04  Marine, Marauder  
  126  13:05  SCV x3  
  134  13:16  Widow Mine x2  
  138  13:35  Marine x7  
  138  13:37  Marine  
  146  13:51  Orbital Command  
  137  13:57  SCV  
  137  13:58  SCV x2  
  137  14:01  Refinery x2  
  136  14:09  SCV  
  137  14:12  Marine x8, Marauder x4  
  137  14:13  Widow Mine  
  156  14:17  SCV  
  156  14:22  Supply Depot  
  156  14:35  Marine  
  156  14:56  Command Center  
  156  15:07  Orbital Command  
  156  15:13  Marine  
  156  15:14  Marine  
  149  15:15  Marine x3  
  149  15:16  Widow Mine, Marine x2  
  149  15:17  Marine, Marauder  
  149  15:20  Marine  
  148  15:24  Viking, Marauder  
  119  15:30  Marine  
  119  15:31  Marine  
  119  15:32  Marine  
  119  15:33  Marine  
  119  15:34  Marauder, Marine x2  
  119  15:35  Marine  
  107  15:37  Marine  
  107  15:39  Marauder  
Show
View Real Time Build Order
Export as new Build Order

샤이닐 Zerg - Winner!

Build Orders: Hatch First 

Get SALT Encoding   

  12  0:00  Drone  
  13  0:12  Overlord  
  13  0:17  Drone  
  14  0:30  Drone x2  
  16  0:46  Hatchery  
  16  0:50  Drone  
  16  0:52  Drone  
  16  0:56  Drone  
  18  1:06  Extractor  
  17  1:11  Spawning Pool  
  17  1:14  Drone  
  17  1:18  Drone  
  18  1:28  Drone  
  19  1:39  Drone  
  20  1:50  Overlord  
  20  1:58  Queen x2  
  20  2:01  Zergling x4  
  26  2:13  Metabolic Boost  
  26  2:27  Hatchery  
  24  2:30  Drone x2  
  24  2:34  Overlord  
  26  2:43  Drone x3  
  26  2:44  Drone  
  30  2:52  Queen  
  32  2:59  Drone x2  
  34  3:06  Drone  
  34  3:07  Drone  
  36  3:12  Queen  
  36  3:14  Drone  
  36  3:16  Overlord  
  39  3:25  Drone x3  
  42  3:30  Drone  
  43  3:38  Queen  
  45  3:41  Queen  
  45  3:43  Drone x3  
  45  3:48  Overlord  
  50  3:53  Zergling x6  
  53  4:01  Drone x2  
  55  4:03  Overlord  
  55  4:04  Overlord  
  55  4:14  Drone x6  
  61  4:20  Queen  
  63  4:27  Overlord, Drone x2  
  63  4:28  Drone x2  
  67  4:35  Lair  
  67  4:36  Drone, Spore Crawler  
  67  4:39  Spore Crawler  
  67  4:40  Drone  
  67  4:43  Drone x2  
  69  4:53  Spore Crawler  
  68  5:01  Drone  
  68  5:06  Baneling Nest  
  68  5:07  Drone x2  
  68  5:08  Drone x3  
  68  5:09  Evolution Chamber  
  68  5:11  Extractor  
  68  5:12  Extractor  
  68  5:13  Evolution Chamber  
  69  5:15  Extractor  
  68  5:22  Drone x3  
  68  5:23  Drone x3  
  68  5:26  Drone x3  
  68  5:27  Zergling x10  
  82  5:29  Hatchery  
  82  5:34  Overlord x3  
  81  5:41  Zerg Melee Weapons Level 1  
  81  5:44  Overseer  
  81  5:46  Overlord x3  
  81  5:56  Zergling x2  
  83  5:57  Hatchery  
  82  6:04  Pneumatized Carapace  
  82  6:05  Overlord, Zergling x12  
  82  6:06  Zergling x4  
  90  6:14  Centrifugal Hooks, Zergling x2  
  90  6:17  Drone x4  
  95  6:22  Queen  
  93  6:29  Baneling x10, Zergling x12  
  99  6:34  Overlord x2  
  99  6:36  Extractor  
  99  6:37  Drone x3  
  101  6:44  Drone  
  101  6:46  Hatchery  
  101  6:48  Drone x4  
  105  6:58  Zergling x2  
  105  6:59  Zergling x14  
  113  7:02  Drone  
  113  7:04  Drone  
  113  7:05  Drone  
  113  7:06  Zerg Ground Armor Level 1  
  116  7:08  Zergling x2  
  117  7:21  Drone x3  
  117  7:22  Extractor  
  119  7:23  Drone  
  119  7:26  Zergling x6, Infestation Pit  
  122  7:36  Zergling x12  
  128  7:38  Zergling x10  
  128  7:41  Zergling x2  
  134  7:47  Zergling x6  
  131  7:52  Zergling x4  
  131  7:55  Zergling x2  
  131  7:57  Zergling x2  
  108  8:08  Zerg Melee Weapons Level 2  
  108  8:10  Baneling  
  108  8:11  Baneling x9, Zergling x2  
  108  8:12  Zergling x14  
  116  8:15  Zergling x6  
  116  8:16  Queen  
  118  8:21  Zergling x4  
  118  8:25  Zergling x4  
  114  8:30  Hatchery  
  107  8:34  Zergling x22  
  107  8:37  Zergling x4  
  118  8:42  Zergling x2  
  118  8:43  Zergling x4  
  118  8:47  Zergling x2  
  121  8:49  Zergling x2  
  121  8:58  Hatchery  
  120  9:05  Drone x10  
  120  9:07  Hatchery  
  129  9:11  Zerg Ground Armor Level 2  
  129  9:13  Hive, Microbial Shroud  
  129  9:15  Baneling x19  
  129  9:16  Baneling x7, Zergling x8  
  133  9:20  Zergling x6  
  136  9:26  Extractor  
  136  9:29  Extractor  
  134  9:33  Zergling x14  
  134  9:34  Zergling x4  
  134  9:39  Zergling x18  
  136  9:47  Zergling x4  
  136  9:48  Zergling x8  
  136  9:52  Drone  
  143  10:02  Hatchery  
  143  10:04  Zergling x6  
  143  10:05  Spore Crawler, Zergling x10, Overlord  
  149  10:11  Zergling x16  
  151  10:17  Burrow  
  151  10:24  Zergling x20  
  160  10:28  Drone x5  
  160  10:30  Baneling x7  
  160  10:31  Baneling  
  160  10:35  Zerg Melee Weapons Level 3  
  164  10:38  Adrenal Glands  
  164  10:41  Zergling x6  
  167  10:46  Drone x5  
  167  10:48  Baneling x5  
  171  10:52  Zergling x10  
  171  10:59  Spire  
  171  11:00  Overlord  
  171  11:01  Spire  
  171  11:02  Overlord  
  166  11:13  Zergling x24  
  166  11:14  Zergling x2  
  167  11:21  Zergling x10  
  167  11:22  Zergling x2  
  167  11:24  Baneling x13  
  167  11:25  Baneling x3  
  159  11:26  Baneling x2  
  159  11:29  Zergling x8  
  163  11:35  Drone  
  163  11:36  Drone x7  
  163  11:38  Zergling x2  
  166  11:48  Zergling x20  
  173  11:54  Zerg Ground Armor Level 3  
  173  11:58  Baneling x22  
  173  12:04  Spore Crawler  
  173  12:05  Drone x6  
  178  12:11  Baneling x14  
  178  12:14  Greater Spire  
  178  12:15  Zerg Flyer Weapons Level 1  
  178  12:19  Zergling x2  
  178  12:20  Zergling x10  
  178  12:26  Zergling x16  
  182  12:34  Zergling x2  
  182  12:35  Zergling x20  
  178  12:44  Zergling x20  
  178  12:45  Zergling x6  
  178  12:51  Zergling x14  
  189  12:54  Zergling x4  
  189  12:56  Zergling x4  
  183  13:05  Baneling x6  
  183  13:06  Baneling x5  
  183  13:07  Overseer  
  183  13:09  Neural Parasite  
  182  13:32  Zergling x2  
  182  13:33  Zergling x38  
  199  13:48  Overseer  
  183  13:56  Hatchery  
  182  14:04  Spore Crawler x2  
  180  14:10  Baneling x2  
  180  14:11  Baneling x18  
  178  14:25  Corruptor  
  178  14:26  Corruptor x10  
  191  14:42  Overlord x2  
  191  14:43  Overlord x3  
  191  14:47  Hatchery  
  191  14:49  Extractor  
  191  14:50  Extractor  
  188  14:53  Extractor  
  176  15:15  Zergling x28  
  176  15:16  Zergling x22  
  187  15:27  Zergling x16  
  168  15:42  Zergling x2  
Tags
 
Add a new tag
Caveats
  • Supply blocks, unpowered buildings, or Contaminate may cause inaccurate times.
  • Supply counts are checked every 10 seconds.